 Dungeon Crawl Stone Soup version 0.22-a0-469-gf26638a (webtiles) character file.

33392 Amnesiac the Fetichist (level 13, -2/68 HPs)
             Began as a Spriggan Artificer on June 12, 2018.
             Was an Initiate of Gozag.
             Slain by a centaur warrior (8 damage)
             ... on level 13 of the Dungeon.
             The game lasted 00:57:21 (23180 turns).

Amnesiac the Fetichist (Spriggan Artificer)        Turns: 23180, Time: 00:57:22

Health: -2/68      AC:  3    Str: 12    XL:     13   Next: 36%
Magic:  0/26       EV: 28    Int: 14    God:    Gozag
Gold:   5171       SH:  8    Dex: 16    Spells: 26/28 levels left

rFire    . . .     SeeInvis +   a - +2 dagger (elec)
rCold    . . .     Gourm    .   L - +0 buckler
rNeg     . . .     Faith    .   q - +0 robe
rPois    +         Spirit   +   (helmet restricted)
rElec    .         Reflect  .   A - +0 cloak
rCorr    .         Harm     .   (gloves unavailable)
MR       ++...                  (boots unavailable)
Stlth    ++++......             B - amulet of guardian spirit
HPRegen  0.21/turn              P - ring of poison resistance
MPRegen  0.20/turn              (no ring)

@: very quick
A: very small, unfitting armour, see invisible, herbivore, speed 3, slow
metabolism 2
a: Potion Petition, Call Merchant, Bribe Branch, Renounce Religion


You were on level 13 of the Dungeon.
You worshipped Gozag.
Gozag was greatly pleased with you.
You were full.

You visited 2 branches of the dungeon, and saw 15 of its levels.
You also visited: Bailey and Ice Cave.

You collected 5339 gold pieces.
You spent 143 gold pieces at shops.
You paid 25 gold pieces to Gozag.

Inventory:

Hand Weapons
 a - a +2 dagger of electrocution (weapon)
 b - a +0 hunting sling
 E - the +10 trident "Woim" {pierce, rPois MR+}
   (You found it on level 6 of the Dungeon)

   It inflicts extra damage upon your enemies.
   It protects you from poison.
   It affects your resistance to hostile enchantments.
 V - the +4 war axe of Purpose {flame, rElec rF+}
   (You took it off a wizard on level 14 of the Dungeon)

   It has been specially enchanted to burn those struck by it, causing extra
   injury to most foes and up to half again as much damage against particularly
   susceptible opponents.
   Big, fiery blades are also staple armaments of hydra-hunters.
   It protects you from fire.
   It insulates you from electricity.
Missiles
 r - 2 tomahawks of returning (quivered)
 s - 283 stones
 x - 61 sling bullets
 z - 2 throwing nets
 S - 6 curare-tipped needles
 T - 81 arrows
Armour
 q - a +0 robe (worn)
 A - a +0 cloak (worn)
 L - a +0 buckler (worn)
Jewellery
 y - an uncursed ring of ice
 B - an amulet of guardian spirit (around neck)
 D - a +2 ring of intelligence
 K - an uncursed amulet of the gourmand {unknown}
 O - a +3 ring of dexterity {unknown}
 P - a ring of poison resistance (left hand)
Wands
 d - a wand of enslavement (8)
Scrolls
 c - a scroll of torment {!r, unknown}
 g - 8 scrolls of teleportation {!r, unknown}
 h - 3 scrolls of fear {!r, unknown}
 i - a scroll of brand weapon {!r, unknown}
 j - 5 scrolls of amnesia {!r, unknown}
 m - 7 scrolls of enchant armour {!r, unknown}
 n - 6 scrolls of remove curse {!r, unknown}
 o - 4 scrolls of blinking {!r}
 u - 4 scrolls of identify {!r}
 v - 4 scrolls of magic mapping {!r}
 C - a scroll of random uselessness {!r, unknown}
 I - a scroll of fog {!r, unknown}
 J - a scroll of noise {!r, unknown}
 M - a scroll of immolation {!r, unknown}
 N - a scroll of enchant weapon {!r, unknown}
 Q - a scroll of vulnerability {!r, unknown}
Potions
 e - a potion of agility {!q}
 k - 3 potions of curing {!q}
 l - a potion of brilliance {!q}
 p - 3 potions of invisibility {!q}
 t - 2 potions of haste {!q, unknown}
 w - 4 potions of mutation {!q}
 F - 3 potions of heal wounds {!q}
 G - 8 potions of lignification {!q}
 H - 2 potions of flight {!q}
 R - a potion of cancellation {!q}
Comestibles
 f - 8 rations


   Skills:
 - Level 8.1 Fighting
 - Level 8.0 Short Blades
 - Level 12.1 Dodging
 - Level 8.0 Stealth
 - Level 7.5 Shields
 + Level 8.0 Spellcasting
 - Level 16.0 Evocations


You had 26 spell levels left.
You knew the following spells:

 Your Spells              Type           Power        Failure   Level  Hunger
a - Sticks to Snakes      Tmut           #.......     19%         2    None

Your spell library contained the following spells:

 Spells                   Type           Power        Failure   Level  Hunger
 Animate Dead             Necr           N/A          77%         4    ####...
 Pain                     Necr           #...         13%         1    None
 Animate Skeleton         Necr           N/A          13%         1    None
 Vampiric Draining        Necr           #.........   36%         3    ##.....
 Regeneration             Chrm/Necr      #.........   36%         3    ##.....
 Spider Form              Tmut/Pois      #.........   36%         3    ##.....
 Blade Hands              Tmut           #.........   98%         5    #####..
 Ice Form                 Ice/Tmut       #.......     77%         4    ####...
 Beastly Appendage        Tmut           #.....       13%         1    None


Dungeon Overview and Level Annotations

Branches:
Dungeon (14/15)            Temple (1/1) D:4            Lair (0/6) D:11
    Orc (0/2) D:12         Vaults (0/5) D:14

Altars:
Ashenzari
Cheibriados
Dithmenos
Elyvilon
Fedhas
Gozag
Hepliaklqana
Kikubaaqudgha
Makhleb
Nemelex Xobeh
Okawaru
Qazlal
Ru
Sif Muna
Trog
Uskayaw
Vehumet
Wu Jian
Xom
Yredelemnul
Zin
Lugonu

Shops:
D:6 !

Annotations:
D:12 exclusion: door


Innate Abilities, Weirdness & Mutations

You are very small and have problems with some larger weapons.
You are too small for most types of armour.
You have supernaturally acute eyesight. (SInv)
You are a herbivore.
You cover ground extremely quickly.
You need to consume almost no food.


Message History

The water elemental closely misses your brown ugly thing.
The water elemental is splashed with acid.
The acid corrodes the water elemental!
The water elemental hits your brown ugly thing.
The water elemental is destroyed!
The worker ant is splashed with acid.
The acid corrodes the worker ant!
The worker ant barely misses your brown ugly thing.
The worker ant dies!
The centaur skeleton is splashed with acid.
The acid corrodes the centaur skeleton!
Something closely misses your brown ugly thing.
An arrow appears from out of your range of vision.
The arrow hits your brown ugly thing!
Your brown ugly thing dies!
Your Spellcasting skill increases to level 8!
The centaur warrior shouts!
The centaur warrior shoots an arrow.
The arrow hits you!!
You see here an arrow.
The centaur warrior shoots an arrow.
The arrow hits you!!
* * * LOW HITPOINT WARNING * * *
You see here an arrow.
The centaur warrior shoots an arrow.
The arrow hits you!
* * * LOW HITPOINT WARNING * * *
You see here an arrow.
You hit the centaur warrior but do no damage.
Lightning courses through the centaur warrior!
The centaur warrior is moderately wounded.
The centaur warrior unwields an uncursed shortbow.
The centaur warrior barely misses you.
You completely miss the centaur warrior.
The centaur warrior is moderately wounded.
The centaur warrior closely misses you.
You barely miss the centaur warrior.
The centaur warrior is moderately wounded.
The centaur warrior hits you!
* * * LOW HITPOINT WARNING * * *
Evoke which item? (* to show all) (? for menu, Esc to quit)
Aiming: Enslavement
Press: ? - help, Shift-Dir - straight line, f - centaur warrior
Aim: a centaur warrior (moderately wounded, chance to defeat MR: 66%)
The centaur warrior resists with significant effort.
You block the centaur warrior's attack.
Evoke which item? (* to show all) (? for menu, Esc to quit)
Aiming: Enslavement
Press: ? - help, Shift-Dir - straight line, f/p - centaur warrior
Aim: a centaur warrior (lightly wounded, chance to defeat MR: 66%)
The centaur warrior resists with significant effort.
The centaur warrior completely misses you.
The centaur warrior hits you!
* * * LOW HITPOINT WARNING * * *
Evoke which item? (* to show all) (? for menu, Esc to quit)
Aiming: Enslavement
Press: ? - help, Shift-Dir - straight line, f/p - centaur warrior
Aim: a centaur warrior (lightly wounded, chance to defeat MR: 66%)
The centaur warrior resists with significant effort.
The centaur warrior closely misses you.
Evoke which item? (* to show all) (? for menu, Esc to quit)
Aiming: Enslavement
Press: ? - help, Shift-Dir - straight line, f/p - centaur warrior
Aim: a centaur warrior (lightly wounded, chance to defeat MR: 66%)
The centaur warrior resists with significant effort.
The centaur warrior hits you!
You die...
Your body crumbles into a pile of gold.

## .. .# .#
#####################.###.#
.............(((@ca.......#
########...#########$######
#.............aE..."......
#.############≈####.####.o
#≈≈≈#.$..# #≈≈≈≈≈.#..#
#≈≈≈≈≈≈.#<.. $
#≈≈≈≈≈≈≈.≈..##
#≈≈≈≈≈≈≈≈.9..!#######


You could see a centaur warrior and a worker ant.

Vanquished Creatures
  A frost giant (IceCv)
  A hydra (D:12)
  A vault guard (D:14)
  5 two-headed ogres
  An unseen horror (D:12)
  2 wizards (D:14)
  A necromancer (D:14)
  2 orc knights (Bailey)
  2 ugly things (D:11)
  3 manticores
  An ice statue (IceCv)
  2 gargoyles
  3 kobold demonologists (D:11)
  18 polar bears
  Grinder (D:4)
  2 trolls
  A hornet (D:14)
  A meliai zombie (D:14)
  A water elemental (D:12)
  Sigmund (D:4)
  5 fire elementals
  A wyvern (D:12)
  2 wraiths
  22 humans
  12 yaks
  The ghost of Salmacis the Shield-Bearer, an amateur FoFi (D:3)
  2 steam dragons
  3 hungry ghosts
  3 hell hounds
  2 water moccasins
  8 ice beasts
  9 orc warriors
  5 sky beasts
  A necrophage (D:11)
  3 phantoms
  7 wolves
  5 ogres
  9 centaurs
  A big kobold (D:9)
  Blork the orc (D:6)
  7 bullfrogs
  17 killer bees
  5 scorpions
  14 wights
  4 crimson imps
  2 centaur zombies
  A quasit (D:7)
  A gnoll shaman (D:9)
  2 jellies
  9 orc priests
  2 bullfrog skeletons
  4 centaur skeletons
  8 hounds
  11 orc wizards
  12 worker ants
  Ijyb (D:5)
  7 iguanas
  A centaur simulacrum (D:8)
  A hound skeleton (D:5)
  A hound zombie (D:5)
  A howler monkey zombie (D:7)
  Robin (D:4)
  A worker ant zombie (D:6)
  2 howler monkey skeletons
  8 gnolls
  11 adders
  4 shadow imps
  18 white imps
  2 ufetubi (D:8)
  2 oozes
  2 adder zombies
  An adder skeleton (D:5)
  4 worms
  2 dart slugs (D:3)
  7 leopard geckos
  58 orcs
  3 bats
  5 giant cockroaches
  14 goblins
  8 hobgoblins
  18 jackals
  6 quokkas
  A ball python (D:4)
  2 frilled lizards
  7 kobolds
  10 rats
460 creatures vanquished.

Vanquished Creatures (collateral kills)
  A water elemental (D:13)
  3 yaks
  A hungry ghost (D:13)
  2 wolves (IceCv)
  A howler monkey (D:4)
  A worker ant (D:13)
9 creatures vanquished.

Vanquished Creatures (others)
  Azrael (D:12)
  An ugly thing (D:13)
  2 polar bears (IceCv)
  2 vampire mosquitoes (D:14)
  2 wolves (IceCv)
  A killer bee (D:8)
  A jelly (D:12)
  A demonic plant (D:11)
  3 plants (D:11)
14 creatures vanquished.

Grand Total: 483 creatures vanquished

Notes
Turn   | Place    | Note
-------+----------+-------------------------------------------
     0 | D:1      | Amnesiac the Spriggan Artificer began the quest for the Orb.
     0 | D:1      | Reached XP level 1. HP: 9/9 MP: 4/4
   180 | D:1      | Reached XP level 2. HP: 1/14 MP: 6/6
   466 | D:1      | Reached skill level 5 in Evocations
   750 | D:3      | Noticed Salmacis's ghost (amateur FoFi)
   852 | D:4      | Reached XP level 3. HP: 5/17 MP: 7/7
  1023 | D:4      | Noticed Sigmund
  1093 | D:4      | Killed Sigmund
  1093 | D:4      | Reached skill level 7 in Evocations
  1093 | D:4      | Reached XP level 4. HP: 4/21 MP: 7/10
  1093 | D:4      | Reached XP level 5. HP: 5/25 MP: 7/11
  1358 | D:4      | Found a staircase to the Ecumenical Temple.
  1379 | Temple   | Entered the Ecumenical Temple
  2117 | Temple   | Became a worshipper of Gozag Ym Sagoz the Greedy
  2181 | D:4      | Reached skill level 8 in Evocations
  2638 | D:2      | Reached XP level 6. HP: 29/29 MP: 13/13
  4150 | D:3      | Reached skill level 9 in Evocations
  5173 | D:3      | Found a faded altar of an unknown god.
  5350 | D:4      | Noticed Robin
  5960 | D:4      | Killed Robin
  5966 | D:4      | Reached skill level 10 in Evocations
  5966 | D:4      | Reached XP level 7. HP: 16/32 MP: 15/15
  6500 | D:4      | Found an iron altar of Okawaru.
  6500 | D:4      | Found a sparkling altar of Nemelex Xobeh.
  6500 | D:4      | Found a shattered altar of Ashenzari.
  6590 | D:4      | Noticed Grinder
  6986 | D:5      | Entered Level 5 of the Dungeon
  7504 | D:5      | Reached skill level 5 in Short Blades
  7639 | D:5      | Noticed Ijyb
  8041 | D:5      | Reached XP level 8. HP: 35/37 MP: 16/16
  8452 | D:5      | Killed Ijyb
  8591 | D:6      | Noticed Blork the orc
  8616 | D:6      | Found a radiant altar of Vehumet.
  8693 | D:6      | Got a twisted trident
  8705 | D:6      | Reached skill level 5 in Dodging
  8705 | D:6      | Reached skill level 5 in Stealth
  8715 | D:6      | Killed Blork the orc
  8956 | D:6      | Reached XP level 9. HP: 10/40 MP: 7/17
  9252 | D:6      | Found Vihyf's Distillery.
  9261 | D:6      | Bought a potion of heal wounds for 65 gold pieces
  9261 | D:6      | Bought a potion of lignification for 39 gold pieces
  9261 | D:6      | Bought a potion of flight for 39 gold pieces
  9864 | D:7      | Found a sacrificial altar of Ru.
  9901 | D:7      | Found a white marble altar of Elyvilon.
 10330 | D:7      | Identified the +10 trident "Woim" {pierce, rPois MR+} (You found it on level 6 of the Dungeon)
 10334 | D:7      | Reached skill level 10 in Dodging
 10586 | D:8      | Reached skill level 1 in Shields
 11059 | D:8      | Reached skill level 1 in Fighting
 11059 | D:8      | Reached XP level 10. HP: 5/45 MP: 9/18
 11216 | D:8      | Found a hazy altar of Hepliaklqana.
 11216 | D:8      | Found an ornate altar of the Wu Jian Council.
 11243 | D:8      | Noticed a two-headed ogre
 11323 | D:8      | Killed a two-headed ogre
 11495 | D:8      | Reached skill level 5 in Shields
 12356 | D:3      | Killed Salmacis's ghost
 12460 | D:4      | Killed Grinder
 12606 | D:9      | Found a bloodstained altar of Trog.
 12609 | D:9      | Noticed a two-headed ogre
 12731 | D:9      | Found a shattered altar of Ashenzari.
 12948 | D:9      | Killed a two-headed ogre
 13026 | D:9      | Reached XP level 11. HP: 52/52 MP: 19/19
 13148 | D:9      | Found an ancient bone altar of Kikubaaqudgha.
 13644 | D:10     | Entered Level 10 of the Dungeon
 13699 | D:10     | Noticed a two-headed ogre
 14246 | D:10     | Reached skill level 5 in Fighting
 14364 | D:10     | Killed a two-headed ogre
 14477 | D:11     | Found a frozen archway.
 14615 | D:11     | Noticed a brown ugly thing
 14618 | D:11     | Noticed a two-headed ogre
 14640 | D:11     | Killed a brown ugly thing
 14668 | D:11     | Killed a two-headed ogre
 14862 | IceCv    | Entered an ice cave
 16511 | IceCv    | Reached XP level 12. HP: 49/64 MP: 16/20
 16972 | IceCv    | Reached skill level 11 in Evocations
 17010 | IceCv    | Noticed a frost giant
 17530 | IceCv    | Killed a frost giant
 17530 | IceCv    | Reached skill level 12 in Evocations
 17980 | D:11     | Found a corrupted altar of Lugonu.
 18288 | D:11     | Found a staircase to the Lair.
 18600 | D:11     | Reached skill level 13 in Evocations
 18838 | D:12     | Noticed an eight-headed hydra
 18840 | D:12     | Killed an eight-headed hydra
 18857 | D:12     | Found a staircase to the Orcish Mines.
 18946 | D:12     | Noticed Azrael
 19015 | D:12     | Found a flagged portal.
 19024 | Bailey   | Entered a bailey
 19096 | Bailey   | Reached skill level 14 in Evocations
 19960 | D:12     | Your ally died
 20023 | D:12     | Noticed a two-headed ogre
 20166 | D:12     | Killed a two-headed ogre
 20166 | D:12     | Reached skill level 15 in Evocations
 21276 | D:12     | Noticed a fire dragon
 21380 | D:13     | Noticed a centaur warrior
 21406 | D:12     | Reached skill level 16 in Evocations
 21406 | D:12     | Reached XP level 13. HP: 19/68 MP: 8/26
 21874 | D:14     | Learned a level 2 spell: Sticks to Snakes
 21980 | D:14     | Reached skill level 1 in Spellcasting
 22679 | D:14     | Reached skill level 5 in Spellcasting
 22944 | D:14     | Got a bloodstained war axe {flame}
 22970 | D:14     | Found a gate to the Vaults.
 23011 | D:14     | Identified the +4 war axe of Purpose {flame, rElec rF+} (You took it off a wizard on level 14 of the Dungeon)
 23180 | D:13     | Slain by a centaur warrior

Vault maps used:
D:1:      onia_arrival_mini_maze, serial_corexii_hall, corexii_hall_statues_s,
          corexii_hall_statues_s, corexii_hall_statues_x,
          corexii_hall_statues_x, minmay_split_cup_large
D:2:      minmay_misc_feat_chi
D:3:      chequers_ecumenical_altar_simple, tso_altar
D:4:      gammafunk_temple_overflow_forgotten, minmay_temple_entry_grid,
          uniq_grinder, uniq_sigmund, uniq_robin
D:5:      first_ration, uniq_ijyb
D:6:      vehumet_altar_wand_db, serial_shops, shop, hex_medium,
          uniq_blork_the_orc
D:7:      kennysheep_mini_moat, nicolae_ru_awakened_eye
D:8:      gammafunk_temple_overflow_pools, serial_ice, serial_ice_i,
          serial_ice_b, serial_ice_n, serial_ice_o, serial_ice_h, serial_ice_c,
          serial_ice_a, grunt_pizzeria, grunt_decor_fettered
D:9:      lemuel_doored_altar, bloody_trog, evilmike_ruin_ashenzari
D:11:     kennysheep_kobold_lugonu_temple, minmay_lair_entry_lava,
          portal_ice_cave_entry_imps
D:12:     orc_0_dummy, enter_bailey_2, uniq_azrael
D:13:     makhleb_altar_promises_db, uniq_urug
D:14:     grunt_vaults_entry_tiered
Temple:   nicolae_temple_no_exploring_needed
Bailey:   bailey_polearm_4, bailey
IceCv:    ice_cave_small_giant

Skill      XL: |  1  2  3  4  5  6  7  8  9 10 11 12 13 |
---------------+----------------------------------------+-----
Evocations     | 5 7 8 10 16 | 16.0
Short Blades   | 2 6 8 |  8.0
Stealth        | 2 6 8 |  8.0
Dodging        | 6 10 12 | 12.1
Shields        | 4 7 |  7.5
Fighting       | 1 3 8 |  8.1
Spellcasting   | 8 |  8.0

Action                   |  1- 3 |  4- 6 |  7- 9 | 10-12 | 13-15 || total
-------------------------+-------+-------+-------+-------+-------++-------
Melee: Short sword       |    50 |   146 |       |       |       ||   196
       Dagger            |       |    30 |   505 |  1727 |   261 ||  2523
       Trident           |       |       |    85 |       |       ||    85
 Fire: Hunting sling     |       |   192 |    21 |    15 |       ||   228
Throw: Tomahawk          |       |     2 |       |       |       ||     2
Evoke: Wand              |    11 |    14 |    26 |   126 |    30 ||   207
  Use: Potion            |     1 |       |     2 |     7 |       ||    10
       Scroll            |       |       |     7 |     2 |       ||     9
 Stab: Sleeping          |     2 |     3 |     8 |    12 |       ||    25
       Confused          |       |     2 |     4 |     1 |       ||     7
       Distracted        |       |       |     5 |    18 |       ||    23
       Paralysed         |       |       |     1 |       |       ||     1
       Invisible         |       |       |       |    10 |       ||    10
  Eat: Ration            |       |     2 |     3 |     7 |     3 ||    15
Armor: Robe              |     7 |    20 |    22 |    49 |     8 ||   106
Dodge: Dodged            |    46 |   269 |   347 |  1071 |   188 ||  1921
Block: Buckler           |       |       |       |   390 |    86 ||   476

Table legend:
 A = Spawn XP
 B = Non-spawn XP
 C = Spawn XP percentage of total XP
 D = Spawn monster count
 E = Non-spawn monster count
 F = Spawn count percentage of total count
 G = Total turns spent on level
                    A         B        C        D         E        F      G
               +---------+---------+-------+---------+---------+-------+---------
         Total |       0 |   47703 |   0.0 |       0 |     470 |   0.0 | 23180
               +---------+---------+-------+---------+---------+-------+---------
           D:1 |       0 |      47 |   0.0 |       0 |      23 |   0.0 |  1327
           D:2 |       0 |      76 |   0.0 |       0 |      17 |   0.0 |  1588
           D:3 |       0 |     334 |   0.0 |       0 |      26 |   0.0 |  1585
           D:4 |       0 |    1028 |   0.0 |       0 |      36 |   0.0 |  3177
           D:5 |       0 |     719 |   0.0 |       0 |      24 |   0.0 |  1135
           D:6 |       0 |    1281 |   0.0 |       0 |      27 |   0.0 |  1021
           D:7 |       0 |    1227 |   0.0 |       0 |      27 |   0.0 |   997
           D:8 |       0 |    4361 |   0.0 |       0 |      46 |   0.0 |  1788
           D:9 |       0 |    3230 |   0.0 |       0 |      41 |   0.0 |  1307
          D:10 |       0 |    2268 |   0.0 |       0 |      18 |   0.0 |   507
          D:11 |       0 |    5996 |   0.0 |       0 |      44 |   0.0 |  1397
          D:12 |       0 |    7311 |   0.0 |       0 |      52 |   0.0 |  2379
          D:13 |       0 |     382 |   0.0 |       0 |       4 |   0.0 |    91
          D:14 |       0 |    9196 |   0.0 |       0 |      35 |   0.0 |  1428
        Bailey |       0 |    1738 |   0.0 |       0 |      18 |   0.0 |   316
         IceCv |       0 |    8509 |   0.0 |       0 |      32 |   0.0 |  3108
               +---------+---------+-------+---------+---------+-------+---------
